 Dungeon Crawl Stone Soup version 0.25.0-9-g26727b657a (webtiles) character file.

Game seed: 10909483962532422364

13792 Kerr0r the Impaler (level 12, -1/115 HPs)
             Began as a Hill Orc Berserker on June 18, 2020.
             Was a Priest of Trog.
             Slain by an eight-headed hydra (3 damage)
             ... on level 3 of the Lair of Beasts.
             The game lasted 00:27:58 (10451 turns).

Kerr0r the Impaler (Hill Orc Berserker)            Turns: 10451, Time: 00:27:59

Health: -1/115     AC: 13    Str: 25    XL:     12   Next: 9%
Magic:  12/12      EV: 11    Int:  7    God:    Trog [***...]
Gold:   539        SH:  0    Dex: 16    Spells: 11/11 levels left

rFire    . . .     SeeInvis .   i - +1 trident (venom)
rCold    . . .     Gourm    .   (no shield)
rNeg     . . .     Faith    .   q - +0 plate armour
rPois    .         Spirit   .   x - +1 helmet
rElec    .         Reflect  .   (no cloak)
rCorr    .         Harm     .   (no gloves)
MR       ++...                  (no boots)
Stlth    ..........             (no amulet)
HPRegen  1.29/turn              l - +4 ring of evasion
MPRegen  0.13/turn              k - +6 ring of dexterity

@: regenerating
A: no striking features
a: Berserk, Trog's Hand, Renounce Religion


You were on level 3 of the Lair of Beasts.
You worshipped Trog.
Trog was most pleased with you.
You were very hungry.

You visited 2 branches of the dungeon, and saw 10 of its levels.

You collected 539 gold pieces.

Inventory:

Hand Weapons
 a - a +1 hand axe
 i - a +1 trident of venom (weapon)
 v - a +3 halberd of freezing
Armour
 b - a +0 animal skin
 h - a +1 chain mail
 m - the +1 ring mail of Compression {rF++ rN+ Slay-4 SInv}
   (You found it on level 4 of the Dungeon)

   It affects your accuracy and damage with ranged weapons and melee attacks
   (-4).
   It greatly protects you from fire.
   It protects you from negative energy.
   It lets you see invisible.
 q - a +0 plate armour (worn)
 x - a +1 helmet (worn)
Jewellery
 k - a +6 ring of dexterity (right hand)
 l - a +4 ring of evasion (left hand)
Wands
 u - a wand of clouds (15)
 w - a wand of iceblast (15)
 D - a wand of digging (3)
 E - a wand of disintegration (15)
Scrolls
 d - a scroll of silence {unknown}
 o - 2 scrolls of amnesia
 r - 2 scrolls of enchant armour
 s - 2 scrolls of remove curse
 y - a scroll of brand weapon {unknown}
 F - a scroll of vulnerability {unknown}
 H - a scroll of identify
Potions
 e - a potion of lignification
 f - 3 potions of curing
 g - 2 potions of flight
 j - 2 potions of berserk rage
 n - a potion of stabbing {unknown}
 p - 2 potions of brilliance {unknown}
 t - 3 potions of haste
 z - a potion of invisibility {unknown}
 A - a potion of mutation {unknown}
 B - a potion of might
Comestibles
 c - 17 rations
 I - 11 chunks of flesh


   Skills:
 + Level 13.4 Fighting
 - Level 5.9(13.4) Axes
 * Level 15.6(15.9) Polearms
 - Level 2.1 Armour
 - Level 1.5 Dodging


You had 11 spell levels left.
You didn't know any spells.
Your spell library was empty.

Dungeon Overview and Level Annotations

Branches:
Dungeon (9/15)             Temple (0/1) D:4            Lair (3/6) D:9
  Snake (0/4) Lair:2
  Swamp: Lair:2-4    Shoals: Lair:2-4       Orc: D:9-12

Altars:
Elyvilon
Hepliaklqana
Kikubaaqudgha
Qazlal
Sif Muna
Zin
The Shining One

Annotations:
Lair:3 Sonja


Message History

You feel much better. The blink frog closely misses you.
The blink frog blinks! x3
The eight-headed hydra bites you.
The eight-headed hydra barely misses you. x2
The eight-headed hydra bites you. The eight-headed hydra misses you.
The eight-headed hydra bites you but does no damage. x2
The eight-headed hydra barely misses you.
The blink frog hits you!
* * * LOW HITPOINT WARNING * * *
The blink frog blinks!
Your ogre goes berserk!
You are feeling very hungry.
You can no longer call in reinforcements.
The eight-headed hydra bites you!
* * * LOW HITPOINT WARNING * * *
The eight-headed hydra bites you.
* * * LOW HITPOINT WARNING * * *
The eight-headed hydra bites you!
* * * LOW HITPOINT WARNING * * *
The eight-headed hydra bites you.
You die...

#.§## ##
#..#
##§##
#..#
##..#
#...#
##F.#
#D## #@#
#..§#
#F.O.
#......
.....#.#.
.##P..
#### .
#... F...


You could see an eight-headed hydra, 2 blink frogs, a bullfrog and a friendly
ogre (summoned, berserk).

Vanquished Creatures
  2 hydras
  Harold (D:7)
  Erica (D:9)
  A death yak (D:9)
  Urug (Lair:1)
  Pikel (D:7)
  Maurice (D:8)
  2 black mambas (Lair:2)
  Psyche (D:8)
  6 spiny frogs
  A komodo dragon (Lair:2)
  Prince Ribbit (D:7)
  A blink frog (Lair:3)
  3 hippogriffs
  A wraith (D:7)
  Eustachio (D:4)
  9 yaks
  A naga (Lair:2)
  2 water moccasins
  4 porcupines
  An ice beast (D:7)
  A black bear (D:7)
  2 phantoms (D:9)
  2 orc warriors
  A necrophage (D:9)
  2 ogres
  2 centaurs
  3 crocodiles
  3 bullfrogs
  A gnoll sergeant (D:9)
  2 scorpions
  A wyvern skeleton (D:7)
  13 wights
  A howler monkey (D:9)
  2 hounds (D:9)
  A quasit (D:8)
  2 human zombies (D:7)
  A bullfrog skeleton (D:7)
  A centaur skeleton (D:4)
  An orc wizard (D:3)
  2 iguanas
  Terence (D:2)
  A human skeleton (D:7)
  4 worker ants
  An ogre zombie (D:7)
  An ogre skeleton (D:7)
  A hound zombie (D:7)
  2 mummies (D:7)
  3 gnolls
  8 adders
  A shadow imp (D:8)
  An ooze (D:3)
  An adder zombie (D:7)
  5 worms
  2 dart slugs
  2 leopard geckos
  24 orcs
  7 bats
  A giant cockroach (D:3)
  3 goblins (D:1)
  3 hobgoblins
  6 jackals
  3 quokkas
  3 frilled lizards
  6 kobolds (D:2)
  4 rats
180 creatures vanquished.

Vanquished Creatures (collateral kills)
  A blink frog (Lair:3)
1 creature vanquished.

Grand Total: 181 creatures vanquished

Notes
Turn   | Place    | Note
-------+----------+-------------------------------------------
     0 | D:1      | Kerr0r the Hill Orc Berserker began the quest for the Orb.
     0 | D:1      | Reached XP level 1. HP: 19/19 MP: 1/1
   181 | D:1      | Reached XP level 2. HP: 27/27 MP: 2/2
   942 | D:2      | Noticed Terence
   958 | D:2      | Killed Terence
   958 | D:2      | Reached skill level 5 in Axes
   958 | D:2      | Reached XP level 3. HP: 30/34 MP: 3/3
  1126 | D:2      | Reached XP level 4. HP: 34/41 MP: 4/4
  1318 | D:2      | Reached skill level 5 in Fighting
  1660 | D:2      | Found a faded altar of an unknown god.
  1922 | D:2      | Reached ** piety under Trog
  2522 | D:3      | Reached XP level 5. HP: 45/48 MP: 5/5
  3077 | D:3      | Reached skill level 1 in Polearms
  3106 | D:3      | Found a shimmering blue altar of Sif Muna.
  3211 | D:4      | Reached skill level 2 in Polearms
  3215 | D:4      | Got an encrusted ring mail
  3226 | D:4      | Identified the +1 ring mail of Compression {rF++ rN+ Slay-4
                  | SInv} (You found it on level 4 of the Dungeon)
  3369 | D:4      | Reached XP level 6. HP: 48/57 MP: 6/6
  3586 | D:4      | Found a white marble altar of Elyvilon.
  3586 | D:4      | Found a glowing silver altar of Zin.
  3586 | D:4      | Found a glowing golden altar of the Shining One.
  3684 | D:4      | Reached skill level 3 in Polearms
  3810 | D:4      | Found a staircase to the Ecumenical Temple.
  3843 | D:4      | Noticed Eustachio
  3865 | D:4      | Killed Eustachio
  3865 | D:4      | Reached skill level 4 in Polearms
  3865 | D:4      | Reached XP level 7. HP: 59/64 MP: 7/7
  4015 | D:4      | You fall into a shaft and drop 3 floors!
  4100 | D:7      | Reached skill level 5 in Polearms
  4111 | D:7      | Reached *** piety under Trog
  4178 | D:7      | Reached skill level 6 in Polearms
  4409 | D:7      | Reached XP level 8. HP: 73/73 MP: 8/8
  4545 | D:7      | Noticed Pikel
  4554 | D:7      | Killed Pikel
  4554 | D:7      | Reached skill level 8 in Polearms
  4618 | D:7      | Noticed Harold
  4618 | D:7      | Noticed Prince Ribbit
  4631 | D:7      | Killed Prince Ribbit
  4631 | D:7      | Reached skill level 9 in Polearms
  4631 | D:7      | Reached XP level 9. HP: 82/82 MP: 9/9
  4637 | D:7      | Killed Harold
  4637 | D:7      | Reached skill level 10 in Polearms
  4824 | D:7      | Found an ancient bone altar of Kikubaaqudgha.
  4900 | D:7      | Reached skill level 10 in Fighting
  5534 | D:8      | Reached skill level 11 in Polearms
  5562 | D:8      | Reached XP level 10. HP: 91/94 MP: 10/10
  5623 | D:8      | Noticed Psyche
  5631 | D:8      | Killed Psyche
  5929 | D:8      | Noticed Maurice
  5937 | D:8      | Killed Maurice
  6100 | D:8      | Noticed a four-headed hydra
  6114 | D:8      | Killed a four-headed hydra
  6114 | D:8      | Reached skill level 12 in Polearms
  6377 | D:9      | Noticed a death yak
  6377 | D:9      | Noticed a death yak
  6381 | D:9      | Noticed a death yak
  6796 | D:9      | Killed a death yak
  6796 | D:9      | Reached skill level 13 in Polearms
  6802 | D:9      | Found a staircase to the Lair.
  7156 | D:9      | Noticed Erica
  7163 | D:9      | Killed Erica
  7163 | D:9      | Reached XP level 11. HP: 104/104 MP: 11/11
  7327 | D:9      | Reached **** piety under Trog
  7334 | D:9      | Found a stormy altar of Qazlal.
  7426 | D:9      | Found a hazy altar of Hepliaklqana.
  7748 | D:9      | Reached skill level 14 in Polearms
  8009 | Lair:1   | Entered Level 1 of the Lair of Beasts
  8519 | Lair:1   | Noticed Urug
  8537 | Lair:1   | Killed Urug
  9287 | Lair:2   | Found a staircase to the Snake Pit.
  9873 | Lair:2   | Reached skill level 15 in Polearms
 10298 | Lair:3   | Noticed a five-headed hydra
 10306 | Lair:3   | Killed a five-headed hydra
 10311 | Lair:3   | Reached XP level 12. HP: 115/115 MP: 12/12
 10404 | Lair:3   | Noticed Sonja
 10428 | Lair:3   | Noticed an eight-headed hydra
 10451 | Lair:3   | HP: 2/115 [eight-headed hydra (11)]
 10451 | Lair:3   | Slain by an eight-headed hydra

Illustrated notes

Levels and vault maps discovered:
D:1:      dpeg_arrival_shrine, layout_basic, minivault_14
D:2:      layout_basic, chequers_ecumenical_altar_grove, uniq_terence
D:3:      minmay_recursive_quarters, layout_basic, tgw_sif
D:4:      layout_cave_pods, good_gods_mini_temple,
          minmay_temple_entry_overgrown, uniq_eustachio
D:7:      layout_loops_corners, lemuel_mausoleum_altar_kikubaaqudgha,
          uniq_harold, uniq_pikel, uniq_prince_ribbit1
D:8:      layout_basic, uniq_psyche, uniq_maurice
D:9:      layout_basic, lemuel_coloured_pillars_altar, lemuel_crystal_altar,
          dpeg_lair_monsters, grunt_pizzeria, uniq_erica
Lair:1:   wander_river, layout_regular_city, uniq_urug
Lair:2:   layout_gridlike, guppyfry_snake_entry_island, grunt_megastairs_1
Lair:3:   layout_cave_pods, serial_bayou_lagoon_a, uniq_sonja

Skill      XL: |  1  2  3  4  5  6  7  8  9 10 11 |
---------------+----------------------------------+-----
Fighting       | 4 5 6 7 8 10 11 13 | 13.4
Axes           | 5 |  5.9
Polearms       | 2 4 6 9 11 13 15 | 15.6
Armour         | |  2.1
Dodging        | |  1.5

Action                   |  1- 3 |  4- 6 |  7- 9 | 10-12 || total
-------------------------+-------+-------+-------+-------++-------
Melee: Hand axe          |    66 |    93 |       |       ||   159
       Trident           |       |    96 |    20 |    28 ||   144
       Halberd           |       |       |   147 |   254 ||   401
Invok: Berserk           |     1 |     1 |     4 |     9 ||    15
       Trog's Hand       |       |       |     1 |     5 ||     6
       Brothers in Arms  |       |       |       |     2 ||     2
  Use: Scroll            |     4 |     1 |     4 |     7 ||    16
       Potion            |       |     1 |     3 |     4 ||     8
  Eat: Chunk             |     1 |     9 |     7 |    19 ||    36
       Ration            |       |       |     1 |     2 ||     3
Armor: Chain mail        |    28 |    72 |     2 |       ||   102
       Animal skin       |     6 |       |       |       ||     6
       Plate armour      |       |       |    42 |    88 ||   130
Dodge: Dodged            |    34 |    79 |    72 |   139 ||   324
